 Dungeon Crawl Stone Soup version 0.18-a0-1539-g1c7284a (webtiles) character file.

7402 Svalin the Cleaver (level 10, -1/93 HPs)
             Began as a Minotaur Fighter on Mar 9, 2016.
             Was a Priest of Makhleb.
             Killed from afar by an electric eel (10 damage)
             ... with a bolt of electricity
             ... on level 10 of the Dungeon.
             The game lasted 00:27:45 (9694 turns).

Svalin the Cleaver (Minotaur Fighter)               Turns: 9694, Time: 00:27:45

Health: -1/93      AC: 20    Str: 21    XL:     10   Next: 92%
Magic:  13/13      EV:  9    Int:  5    God:    Makhleb [***...]
Gold:   36         SH:  0    Dex: 13    Spells: 0 memorised, 9 levels left

rFire  . . .     SeeInvis .     t - +1 war axe (vamp)
rCold  + + .     Gourm    .     P - +1 plate armour {rC+}
rNeg   . . .     Faith    .     (no shield)
rPois  .         Spirit   .     (helmet restricted)
rElec  .         Dismiss  .     F - +0 cloak
rCorr  .         Reflect  .     y - +0 pair of gloves
SustAt .         Harm     .     T - +0 pair of boots (curse)
MR     .....                    K - amulet of regeneration
Stlth  ..........               I - +2 ring of evasion
                                L - ring of protection from cold

@: slowed, very slow, not resistant to hostile enchantments, extremely
unstealthy
A: retaliatory headbutt, horns 2
a: Minor Destruction, Lesser Servant of Makhleb, Renounce Religion


You were on level 10 of the Dungeon.
You worshipped Makhleb.
Makhleb was most pleased with you.
You were not hungry.

You visited 1 branch of the dungeon, and saw 10 of its levels.

You collected 585 gold pieces.
You spent 549 gold pieces at shops.

Inventory:

Hand Weapons
 a - a +0 war axe
 h - a +2 hand axe of freezing
 t - a +1 vampiric war axe (weapon)
 B - the +0 short sword "Begi" {flame, rN++ Dex+3}
   (You found it on level 5 of the Dungeon)

   It has been specially enchanted to burn those struck by it, causing extra
   injury to most foes and up to half again as much damage against particularly
   susceptible opponents.
   It affects your dexterity (+3).
   It greatly protects you from negative energy.
Armour
 y - a +0 pair of gloves (worn)
 F - a +0 cloak (worn)
 P - a +1 plate armour of cold resistance (worn)
 T - a cursed +0 pair of boots (worn)
Jewellery
 g - an uncursed ring of ice {unknown}
 j - an uncursed ring of sustain attributes
 I - a +2 ring of evasion (right hand)
 K - an amulet of regeneration (around neck)
 L - a ring of protection from cold (left hand)
 O - an uncursed ring of flight
Wands
 D - a wand of iceblast (6/15)
 G - a wand of iceblast (4/15)
 H - a wand of confusion (17/48)
Scrolls
 e - a scroll of teleportation
 l - 3 scrolls of fog
 n - 3 scrolls of recharging
 C - 2 scrolls of fear
 M - 2 scrolls of remove curse
 R - a scroll of blinking
 U - 2 scrolls of magic mapping
Potions
 c - a potion of cancellation
 d - a potion of might
 k - 4 potions of lignification
 m - a potion of ambrosia
 p - 5 potions of curing
 q - a potion of resistance {unknown}
 r - 2 potions of heal wounds
 s - 2 potions of degeneration {unknown}
 u - a potion of flight
 w - a potion of haste
 z - 2 potions of beneficial mutation
 E - a potion of agility {unknown}
Books
 b - a book of Cantrips

   Spells                             Type                      Level
   a - Corona                         Hexes                        1
   b - Animate Skeleton               Necromancy                   1
   c - Summon Small Mammal            Summoning                    1
   d - Apportation                    Translocation                1
 J - a book of Dreams

   Spells                             Type                      Level
   a - Ensorcelled Hibernation        Hexes/Ice                    2
   b - Silence                        Hexes/Air                    5
   c - Darkness                       Hexes                        6
   d - Shadow Creatures               Summoning                    6
 S - a book of Envenomations

   Spells                             Type                      Level
   a - Spider Form                    Transmutation/Poison         3
   b - Olgreb's Toxic Radiance        Poison                       4
   c - Alistair's Intoxication        Transmutation/Poison         5
   d - Poisonous Cloud                Conjuration/Poison/Air       6
Miscellaneous
 N - a lamp of fire (inert)
Comestibles
 f - 4 bread rations
 o - 4 beef jerkies
 x - 5 meat rations
 A - 6 fruits


   Skills:
 + Level 9.8 Fighting
 + Level 11.7 Axes
 * Level 11.5 Armour
   Level 3.6 Shields
 + Level 6.6 Invocations


You had 9 spell levels left.
You didn't know any spells.

Dungeon Overview and Level Annotations

Branches:
Dungeon (10/15)            Temple (0/1) D:4            Lair (0/8) D:10
    Orc (0/2) D:10

Altars:
Cheibriados
Dithmenos
Makhleb
Nemelex Xobeh
Ru
Sif Muna
Xom
Yredelemnul

Shops:
D:8 [   D:9 ?


Innate Abilities, Weirdness & Mutations

You reflexively headbutt those who attack you in melee.
You have a pair of horns on your head.


Message History

Press: ? - help, Dir - move target cursor, f - electric eel
Aim: an electric eel Attack!
The electric eel shoots out a bolt of lightning at you!
The bolt of electricity hits the plant.
The bolt of electricity hits your ufetubus.
Your ufetubus dies!
The bolt of electricity hits your ufetubus.
Your ufetubus dies!
The bolt of electricity hits you!
* * * LOW HITPOINT WARNING * * *
The bolt of electricity hits you!
* * * LOW HITPOINT WARNING * * *
The wraith hits you but does no damage.
The electric eel shoots out a bolt of lightning at you!
The bolt of electricity hits the plant.
The bolt of electricity hits your ufetubus.
Your ufetubus dies!
The bolt of electricity hits you!
You die...

#......####.............
###.......#..............
≈≈≈≈.............###.....
≈≈≈............### ##....
≈P≈P...........# ###..
P≈PP...........## #..
≈≈≈.......###.>.# #..
P≈........# ##..## ##.#
≈≈;P....@## ##..#####.##
≈≈≈33...)W# ##....#...#
≈≈≈≈....>..# #.........
≈≈≈≈........####.####....
≈P≈≈...$##...##..# #.###
..##....####.....# #.# .#
#..... ##...## #.# ##...
###.# #.# #..# #..


You could see a wraith, an electric eel, a friendly smoke demon and a friendly
ynoxinul.

Vanquished Creatures
  The ghost of Svalin the Cleaver, a journeyman HOAr of Beogh (D:10)
  A hill giant (D:10)
  A troll (D:10)
  Grinder (D:4)
  A wyvern (D:8)
  3 wraiths (D:10)
  A spriggan (D:7)
  5 yaks (D:9)
  3 hungry ghosts (D:10)
  2 ice beasts
  A phantom (D:9)
  2 sky beasts
  3 orc warriors
  An eye of draining (D:6)
  5 ogres
  A centaur (D:5)
  4 giant frogs
  A gnoll sergeant (D:8)
  A water moccasin zombie (D:6)
  3 scorpions
  3 wights (D:9)
  2 howler monkeys
  5 crimson imps
  2 giant frog zombies
  A jelly (D:6)
  2 hounds
  8 orc wizards
  3 centaur skeletons
  3 orc priests
  A giant frog skeleton (D:4)
  2 iguanas
  Natasha (thrice) (D:3)
  2 worker ants
  A hound zombie (D:6)
  A hound skeleton (D:10)
  A howler monkey zombie (D:6)
  A howler monkey skeleton (D:8)
  17 gnolls
  11 adders
  3 shadow imps
  An adder zombie (D:5)
  5 worms
  3 dart slugs
  6 giant geckos
  17 orcs
  12 bats
  3 giant cockroaches
  5 hobgoblins
  6 jackals
  4 kobolds
  A quokka (D:9)
  2 ball pythons
  A giant gecko skeleton (D:8)
  5 giant newts
  4 goblins
  A rat (D:2)
189 creatures vanquished.

Vanquished Creatures (collateral kills)
  Josephine (D:10)
  A wraith (D:10)
  A centaur (D:10)
  An electric eel (D:10)
  A worker ant (D:10)
5 creatures vanquished.

Grand Total: 194 creatures vanquished

Notes
Turn   | Place    | Note
--------------------------------------------------------------
     0 | D:1      | Svalin the Minotaur Fighter began the quest for the Orb.
     0 | D:1      | Reached XP level 1. HP: 19/19 MP: 0/0
   302 | D:1      | Reached XP level 2. HP: 24/26 MP: 1/1
   681 | D:1      | You fall through a shaft!
   690 | D:2      | Reached XP level 3. HP: 25/31 MP: 2/2
  1004 | D:2      | Found a snail-covered altar of Cheibriados.
  1092 | D:2      | Reached skill level 5 in Axes
  1251 | D:2      | Reached XP level 4. HP: 39/39 MP: 3/3
  1324 | D:2      | Found a sparkling altar of Nemelex Xobeh.
  1342 | D:2      | Found a deep blue altar of Sif Muna.
  1866 | D:2      | Found a burning altar of Makhleb.
  1886 | D:2      | Became a worshipper of Makhleb the Destroyer
  2049 | D:3      | Reached XP level 5. HP: 46/46 MP: 4/4
  2308 | D:3      | Noticed Natasha
  2318 | D:3      | Killed Natasha
  2490 | D:3      | Noticed Natasha
  2497 | D:3      | Killed Natasha
  2703 | D:3      | Noticed Natasha
  2706 | D:3      | Killed Natasha
  2706 | D:3      | Reached * piety under Makhleb
  2781 | D:4      | Reached XP level 6. HP: 48/53 MP: 3/5
  2811 | D:4      | Noticed Grinder
  2825 | D:4      | Paralysed by Grinder for 4 turns
  2833 | D:4      | Killed Grinder
  2833 | D:4      | Reached skill level 5 in Armour
  2976 | D:4      | Found a staircase to the Ecumenical Temple.
  2997 | D:4      | Reached skill level 5 in Fighting
  3037 | D:4      | Reached XP level 7. HP: 61/61 MP: 6/6
  3467 | D:4      | Got a warped leather armour
  3478 | D:4      | Identified the +1 leather armour "Esygely" {rPois Int+7 Dex+4} (You found it on level 4 of the Dungeon)
  3776 | D:5      | Entered Level 5 of the Dungeon
  3937 | D:5      | Got an ivory short sword
  3949 | D:5      | Identified the cursed +0 short sword "Begi" {flame, rN++ Dex+3} (You found it on level 5 of the Dungeon)
  4451 | D:5      | Reached XP level 8. HP: 48/70 MP: 4/7
  4567 | D:5      | Reached ** piety under Makhleb
  4884 | D:5      | Reached skill level 1 in Invocations
  5416 | D:6      | Found a shimmering altar of Xom.
  5856 | D:6      | Found a shadowy altar of Dithmenos.
  6448 | D:7      | Reached XP level 9. HP: 79/79 MP: 10/10
  6609 | D:7      | Reached skill level 10 in Axes
  7163 | D:8      | Found Kupan's Armour Shoppe.
  7167 | D:8      | Bought a +1 plate armour of cold resistance for 385 gold pieces
  7314 | D:8      | Found a sacrificial altar of Ru.
  7820 | D:8      | Reached *** piety under Makhleb
  8476 | D:9      | Found a basalt altar of Yredelemnul.
  8517 | D:9      | Reached skill level 5 in Invocations
  8521 | D:9      | Reached XP level 10. HP: 90/90 MP: 12/12
  8626 | D:9      | Reached **** piety under Makhleb
  8729 | D:9      | Found Joeno's Magic Scroll Shop.
  8737 | D:9      | Bought a scroll of enchant weapon for 112 gold pieces
  8737 | D:9      | Bought a scroll of magic mapping for 52 gold pieces
  8804 | D:10     | Entered Level 10 of the Dungeon
  8825 | D:10     | Reached skill level 10 in Armour
  9314 | D:10     | Noticed Svalin's ghost (journeyman HOAr)
  9333 | D:10     | Killed Svalin's ghost
  9458 | D:10     | Found a staircase to the Orcish Mines.
  9466 | D:10     | Noticed a hill giant
  9474 | D:10     | Killed a hill giant
  9595 | D:10     | Found a staircase to the Lair.
  9673 | D:10     | Noticed Josephine
  9686 | D:10     | Killed Josephine
  9694 | D:10     | Killed from afar by an electric eel

Vault maps used:
D:1:      onia_arrival_mini_spirals, minmay_misc_feat_cross
D:2:      makhleb_blood_cavern_becter, nicolae_overflow_hidden_temple,
          cheibriados_altar_1
D:3:      uniq_natasha
D:4:      minmay_temple_entry_hall, serial_park_tiny_2, uniq_grinder
D:5:      first_bread
D:6:      serial_glass, glass_columns_a, glass_columns_a, basic_altar,
          grunt_dithmenos_smoke_and_mirrors
D:7:      the_bakery, st_stairs_7
D:8:      lemuel_doored_altar, serial_shops, shop, uniq_maurice
D:9:      kennysheep_mini_moat, serial_shops, shop
D:10:     lair_0_dummy, orc_0_dummy, serial_bayou, serial_bayou_pond_b,
          serial_bayou_pond_e, serial_bayou_pond_d, serial_bayou_shore_a,
          grunt_ministairs_6, minmay_nine_imps, uniq_josephine

Skill      XL: |  1  2  3  4  5  6  7  8  9 10 |
---------------+-------------------------------+-----
Axes           | 3 4 5 6 7 9 10 11 | 11.7
Armour         | 4 5 6 7 9 11 | 11.5
Fighting       | 4 5 6 7 8 9 |  9.8
Invocations    | 3 5 6 |  6.6
Shields        | |  3.6

Action                   |  1- 3 |  4- 6 |  7- 9 | 10-12 || total
-------------------------+-------+-------+-------+-------++-------
Melee: Hand axe          |    47 |    95 |   196 |       ||   338
       War axe           |     5 |       |   125 |   152 ||   282
Invok: Lesser Servant of |       |       |       |     3 ||     3
Evoke: Wand              |       |       |       |     1 ||     1
       Lamp of fire      |       |       |       |     1 ||     1
  Use: Scroll            |       |    12 |     8 |     2 ||    22
       Potion            |       |       |     2 |     3 ||     5
 Stab: Sleeping          |       |       |     1 |       ||     1
       Distracted        |       |       |       |     1 ||     1
  Eat: Chunk             |     1 |     6 |    17 |     8 ||    32
       Fruit             |       |       |     4 |     1 ||     5
       Pizza             |       |       |     1 |       ||     1
       Bread ration      |       |       |       |     3 ||     3
       Royal jelly       |       |       |       |     1 ||     1
